 Dungeon Crawl Stone Soup version 0.25-a0-317-g5f8687bca5 (webtiles) character file.

Game seed: 13604336672220785458, levelgen mode: deterministic

480 DerDa the Magician (level 7, -1/41 HPs)
             Began as an Octopode Fire Elementalist on Dec 27, 2019.
             Slain by Eustachio
             ... wielding a +0 rapier
              (6 damage)
             ... on level 4 of the Dungeon.
             The game lasted 00:12:43 (3382 turns).

DerDa the Magician (Octopode Fire Elementalist)     Turns: 3382, Time: 00:12:44

Health: -1/41      AC:  1    Str: 10      XL:     7   Next: 12%
Magic:  4/13       EV: 16    Int: 19      God:
Gold:   204        SH:  0    Dex:  9 (12) Spells: 3/16 levels left

rFire    . . .     SeeInvis .   g - +2 dagger (drain)
rCold    . . .     Gourm    .   (no shield)
rNeg     . . .     Faith    .   (helmet restricted)
rPois    .         Spirit   .   (no amulet)
rElec    .         Reflect  .   k - ring of wizardry
rCorr    .         Harm     .   n - +3 ring of evasion
MR       .....     Rnd*Rage +   (no ring)
Stlth    +++.......             (no ring)
HPRegen  0.13/turn              (no ring)
MPRegen  0.13/turn              (no ring)
                                (no ring)
                                (no ring)

@: no status effects
A: almost no armour, stealthy swim, amphibious, 8 rings, constrict 8, camouflage
1, berserk 1, low mp 1, strong 1, gelatinous body 1
a: no special abilities


You were on level 4 of the Dungeon.
You were near starving.

You visited 1 branch of the dungeon, and saw 6 of its levels.

You collected 204 gold pieces.

Inventory:

Hand Weapons
 a - a +0 whip
 g - a +2 dagger of draining (weapon)
Missiles
 c - 213 stones (quivered)
 d - 39 bolts
 e - 4 javelins
 i - 8 atropa-tipped darts
 m - 65 sling bullets
Jewellery
 k - a ring of wizardry (left tentacle)
 n - a +3 ring of evasion (right tentacle)
Wands
 q - a wand of iceblast (8)
Scrolls
 h - a scroll of random uselessness {unknown}
 j - 5 scrolls of teleportation {unknown}
 l - a scroll of enchant weapon {unknown}
 o - 6 scrolls of identify {unknown}
 p - a scroll of remove curse {unknown}
 r - a scroll of fear {unknown}
Potions
 f - a potion of heal wounds {unknown}
 s - a potion of lignification {unknown}
 u - a potion of invisibility {unknown}
Comestibles
 b - 8 rations


   Skills:
 - Level 2.0 Dodging
 - Level 2.6 Stealth
 * Level 5.1 Spellcasting
 + Level 3.5 Conjurations
 + Level 4.6 Fire Magic


You had 3 spell levels left.
You knew the following spells:

 Your Spells              Type           Power        Failure   Level  Hunger
a - Foxfire               Conj/Fire      ###.         1%          1    None
b - Conjure Flame         Conj/Fire      ###.....     2%          3    ##.....
c - Sticky Flame          Conj/Fire      ###.....     9%          4    ####...
d - Fireball              Conj/Fire      ###.......   26%         5    ######.

Your spell library contained the following spells:

 Spells                   Type           Power        Failure   Level  Hunger
 Summon Small Mammal      Summ           #...         4%          1    None
 Inner Flame              Hex/Fire       ##......     6%          3    ##.....
 Call Imp                 Summ           #.......     8%          2    #......
 Call Canine Familiar     Summ           #.......     16%         3    ##.....
 Summon Guardian Golem    Hex/Summ       #.......     16%         3    ##.....
 Summon Ice Beast         Ice/Summ       #.......     43%         4    ####...
 Summon Lightning Spire   Summ/Air       #.......     43%         4    ####...


Dungeon Overview and Level Annotations

Branches:
Dungeon (6/15)
 Temple: D:4-7

Altars:
Ashenzari
Nemelex Xobeh
Qazlal

Annotations:
D:4 Eustachio


Innate Abilities, Weirdness & Mutations

You cannot wear most types of armour.
You are very stealthy in the water. (Stealth+)
You are amphibious.
You can wear up to eight rings at the same time.
You can use your tentacles to constrict eight enemies at once.
Your skin changes colour to match your surroundings (Stealth+).
Your rubbery body absorbs attacks. (AC +1, EV +1)
You tend to lose your temper in combat.
Your magical capacity is low. (-10% MP)
Your muscles are strong. (Str +2)


Message History

You hit the bat. You drain the bat.
You kill the bat!
The bat's corpse disappears in a puff of smoke!
The bat barely misses you. x2; The quokka bites you.
* * * LOW HITPOINT WARNING * * *
The bat hits you but does no damage.
Eustachio casts a spell.
Eustachio blinks!
The bat hits you but does no damage. The quasit closely misses you.
The quasit barely misses you.
The quasit claws you but does no damage.
The quasit bites you.
* * * LOW HITPOINT WARNING * * *
You feel clumsy.
The quasit claws you but does no damage.
The quasit claws you.
* * * LOW HITPOINT WARNING * * *
You feel better. The bat barely misses you. The quokka bites you.
* * * LOW HITPOINT WARNING * * *
Eustachio hits you with a +0 rapier.
You die...

#.........# #.# #.# #
#####.##### #.# #.### #.#
##+## ##... #.## ##...##
##.. #..### ##.....## #..
##.#.## ##.......## # ##.
#....####..5.§....#
#...##.
#.......+..@5.....+
........
#....####..@5b....#
##...##. #####.#.##
##.br....## ##. #.
#.....### ##.§...## # ..
#.###.# ######...## ###
#.###.## #..r....##
#.##...# #.#####.#
#.##...# #.# ###.######
#.##...# #.###...(......
#.##..#####........######


You could see Eustachio, 2 quasits, a shadow imp, a quokka and 2 bats.

Vanquished Creatures
  Sigmund (D:3)
  A bullfrog (D:6)
  A scorpion (D:5)
  A crimson imp (D:6)
  A bullfrog skeleton (D:6)
  3 gnolls (D:3)
  5 adders
  4 worms
  2 dart slugs
  2 leopard geckos
  An orc (D:3)
  3 giant cockroaches (D:3)
  6 goblins
  4 hobgoblins
  4 jackals (D:3)
  8 kobolds
  6 quokkas
  6 bats
  3 frilled lizards
  8 rats
70 creatures vanquished.

Vanquished Creatures (others)
  A quokka (D:4)
  189 foxfires
190 creatures vanquished.

Grand Total: 260 creatures vanquished

Notes
Turn   | Place    | Note
-------+----------+-------------------------------------------
     0 | D:1      | DerDa the Octopode Fire Elementalist began the quest for
                  | the Orb.
     0 | D:1      | Reached XP level 1. HP: 11/11 MP: 3/3
   208 | D:1      | Reached XP level 2. HP: 9/17 MP: 5/5
   633 | D:2      | Reached XP level 3. HP: 20/21 MP: 1/7
   972 | D:2      | Reached skill level 3 in Spellcasting
  1227 | D:2      | Learned a level 3 spell: Conjure Flame
  1393 | D:2      | Found a shattered altar of Ashenzari.
  1700 | D:3      | Found a sparkling altar of Nemelex Xobeh.
  1714 | D:3      | Reached XP level 4. HP: 19/27 MP: 3/8
  1720 | D:3      | Learned a level 4 spell: Sticky Flame
  1878 | D:3      | Noticed Sigmund
  1984 | D:3      | Gained mutation: You tend to lose your temper in combat.
                  | [potion of mutation]
  1984 | D:3      | Gained mutation: Your magical capacity is low. (-10% MP)
                  | [potion of mutation]
  1984 | D:3      | Gained mutation: Your muscles are strong. (Str +2) [potion
                  | of mutation]
  1984 | D:3      | Killed Sigmund
  1984 | D:3      | Reached skill level 4 in Spellcasting
  1984 | D:3      | Reached XP level 5. HP: 4/31 MP: 1/10
  1984 | D:3      | Reached XP level 6. HP: 5/36 MP: 1/11
  2361 | D:3      | Found a faded altar of an unknown god.
  3077 | D:4      | You fall into a shaft and drop 2 floors!
  3082 | D:6      | Found a stormy altar of Qazlal.
  3106 | D:6      | Reached XP level 7. HP: 24/41 MP: 4/12
  3113 | D:6      | Learned a level 5 spell: Fireball
  3153 | D:6      | Noticed a hippogriff
  3235 | D:5      | Entered Level 5 of the Dungeon
  3266 | D:5      | Reached skill level 5 in Spellcasting
  3342 | D:4      | Noticed Eustachio
  3381 | D:4      | HP: 2/41 [quasit[Eustachio] (1)]
  3382 | D:4      | Slain by Eustachio

Levels and vault maps discovered:
D:1:      scummos_arrival_simple_fountains, layout_rooms, st_stairs_3
D:2:      layout_basic, nicolae_overflow_hidden_temple, minmay_misc_feat_doors,
          minivault_24, minmay_3d_cube
D:3:      layout_basic, nemelex_xobeh_ov_fountains_minmay,
          chequers_ecumenical_altar_simple_redux, first_ration,
          chequers_decorated_corner, uniq_sigmund
D:4:      layout_loops_corners, old_standard_altar, elyvilon_altar_4,
          uniq_eustachio
D:5:      layout_loops_corners, old_standard_altar, slow_altar_2, serial_shops,
          nicolae_shop_crystal, minmay_misc_feat_enclosed, chequers_jeans,
          tgw_kikubaaqudgha
D:6:      layout_loops_ring, overflow_temple_1_default,
          hangedman_decor_diamond_cutter, minmay_misc_feat_rugged, sigmund_army,
          uniq_menkaure

Skill      XL: |  1  2  3  4  5  6  7 |
---------------+----------------------+-----
Spellcasting   | 3 4 5 |  5.1
Conjurations   | 2 3 |  3.5
Fire Magic     | 4 |  4.6
Dodging        | |  2.0
Stealth        | |  2.6

Action                   |  1- 3 |  4- 6 |  7- 9 || total
-------------------------+-------+-------+-------++-------
Melee: Dagger            |    25 |    38 |    20 ||    83
       Constrict         |     5 |    11 |     7 ||    23
       Tentacles         |     5 |     4 |     3 ||    12
 Cast: Foxfire           |    38 |    71 |     3 ||   112
       Sticky Flame      |       |     1 |     3 ||     4
       Fireball          |       |       |     1 ||     1
  Use: Potion            |       |     2 |     1 ||     3
 Stab: Sleeping          |     2 |       |     1 ||     3
  Eat: Chunk             |     2 |     5 |       ||     7
Armor: Skin              |     2 |       |     8 ||    10
Dodge: Dodged            |    19 |    48 |    62 ||   129

Table legend:
 A = Non-vault XP
 B = Vault XP
 C = Vault XP percentage of total XP
 D = Non-vault monster count
 E = Vault monster count
 F = Vault count percentage of total count
                 A         B        C        D         E       F
            +---------+---------+-------+---------+---------+-------
      Total |     434 |     253 |  36.8 |      63 |       7 |  10.0
            +---------+---------+-------+---------+---------+-------
        D:1 |      15 |       4 |  21.1 |       9 |       3 |  25.0
        D:2 |      29 |      29 |  50.0 |      12 |       3 |  20.0
        D:3 |     139 |     220 |  61.3 |      35 |       1 |   2.8
        D:4 |       8 |       0 |   0.0 |       2 |       0 |   0.0
        D:5 |      69 |       0 |   0.0 |       2 |       0 |   0.0
        D:6 |     174 |       0 |   0.0 |       3 |       0 |   0.0
            +---------+---------+-------+---------+---------+-------
